AoeStats
← Papercut

Nomad

508264765Analyzed
2v2 RM · 11d ago on Sep 21, 2026· 44m 31s· 4 players
Game mode
Random Map
Map size
176×176
Population
200
Speed
Normal
Resources
Standard
Victory
Conquest
Starting age
Dark Age
Ending age
Imperial Age
RankedLock teamsTeams togetherTeam positionsShared explorationLock speedFull tech treeHidden civsTurbo modeCheats
Victory
Defeat
🇧🇪 Vietnamese · Belgium
1252
+15
🇧🇪 Malay · Belgium
1251
+15
🇵🇪 Lithuanians · Peru
1251
-15
🇦🇷 Malians · Argentina
1223
-15
elPreto
3:59 Loom
4:46 Loom
14:01 Feudal Age
18:37 Castle Age
18:03 Double-Bit Axe
19:51 Bow Saw
19:35 Horse Collar
21:29 Heavy Plow
22:10 Gold Mining
24:34 Wheelbarrow
23:45 Town Watch
25:07 Stone Mining
25:55 Gold Shaft Mining
25:42 Hand Cart
27:12 Stone Shaft Mining
32:08 Imperial Age
30:42 Squires
30:28 Arson
30:43 Scale Mail Armor
30:54 Forging
32:31 Chain Mail Armor
32:51 Iron Casting
33:19 Conscription
33:58 Plate Mail Armor
33:12 Elite Gbeto
34:40 Crop Rotation
36:06 Fletching
37:33 Bodkin Arrow
39:08 Masonry
39:58 Chemistry
38:38 Pikeman
40:22 Hoardings
42:03 Architecture
Escala
9:29 Loom
13:01 Feudal Age
13:42 Double-Bit Axe
18:51 Castle Age
17:11 Fletching
17:59 Scale Barding Armor
18:44 Gold Mining
23:30 Bodkin Arrow
28:11 Town Watch
32:45 Forging
39:15 Imperial Age
42:42 Imperial Age
41:52 Bloodlines
41:02 Light Cavalry
43:33 Bloodlines
43:23 Husbandry
Papercut
3:53 Loom
14:46 Feudal Age
21:18 Castle Age
21:21 Medium Warships
27:12 Town Watch
30:32 Redemption
38:10 Imperial Age
36:23 Sanctity
36:44 Fishing Lines
38:23 Block Printing
38:32 Double-Bit Axe
39:23 Illumination
39:07 Pikeman
39:49 Squires
39:57 Halberdier
40:48 Forging
40:59 Bow Saw
42:16 Iron Casting
43:21 Horse Collar
Nonkel_willie
5:05 Loom
13:01 Feudal Age
17:30 Castle Age
17:03 Double-Bit Axe
19:20 Fletching
21:16 Gold Mining
22:52 Horse Collar
28:36 Town Watch
28:53 Bodkin Arrow
30:49 Ballistics
31:27 Wheelbarrow
34:50 Imperial Age
32:59 Padded Archer Armor
34:55 Elite Rattan Archer
35:58 Bracer
37:36 Leather Archer Armor
38:56 Chemistry
37:38 Treadmill Crane
Connection lost

Rejoining the realm…

Still unreachable

The connection could not be restored.

Session expired

The server has moved on; the page needs a fresh start.